 Dungeon Crawl Stone Soup version 0.16.1-51-g6203257 (webtiles) character file.

39 Gargoyl the Skirmisher (level 3, 0/24 HPs)
             Began as a Gargoyle Berserker on July 21, 2015.
             Was a Believer of Trog.
             Killed from afar by Terence (16 damage)
             ... with a wand of flame
             ... on level 2 of the Dungeon.
             The game lasted 00:04:07 (1183 turns).

Gargoyl the Skirmisher (Gargoyle Berserker)         Turns: 1183, Time: 00:04:07

Health: 0/24       AC: 11    Str: 21    XL:     3   Next: 45%
Magic:  3/3        EV: 11    Int: 10    God:    Trog [**....]
Gold:   80         SH:  0    Dex:  9    Spells: 0 memorised, 2 levels left

rFire  x . .     SeeInvis .     n - +0 dagger (venom)
rCold  + . .     Clarity  .     h - +0 ring mail
rNeg   + . .     SustAb   .     (no shield)
rPois  ∞         Gourm    .     m - +2 helmet {Int+3}
rElec  +         Spirit   .     (no cloak)
rCorr  .         Warding  .     (no gloves)
rMut   .         Stasis   .     (no boots)
MR     ++...                    (no amulet)
Stlth  ..........               (no ring)
                                c - ring of ice

@: regenerating, very resistant to hostile enchantments, extremely unstealthy
A: negative energy resistance 1, electricity resistance, unbreathing,
petrification resistance, rot immunity, AC +3
a: Burn Spellbooks, Berserk, Trog's Hand, Renounce Religion


You were on level 2 of the Dungeon.
You worshipped Trog.
Trog was pleased with you.
You were not hungry.

You visited 1 branch of the dungeon, and saw 2 of its levels.

You collected 80 gold pieces.

Inventory:

Hand weapons
 a - a +0 mace
 n - a +0 dagger of venom (weapon)
Armour
 h - a +0 ring mail (worn)
 m - a +2 helmet of intelligence (worn)
Jewellery
 c - a ring of ice (left hand)
Scrolls
 d - a scroll of remove curse
 f - a scroll of random uselessness {unknown}
 g - a scroll of teleportation {unknown}
Potions
 e - a potion of heal wounds {unknown}
 j - a potion of curing {unknown}
 k - a potion of degeneration {unknown}
 l - a potion of haste
Comestibles
 i - a slice of pizza


   Skills:
 + Level 3.7 Fighting
 + Level 3.5 Maces & Flails
 + Level 2.3 Armour
 + Level 2.1 Dodging


You had 2 spell levels left.
You didn't know any spells.

Dungeon Overview and Level Annotations

Branches:
Dungeon (2/15)

Altars:
Nemelex Xobeh

Annotations:
D:2 Terence


Innate Abilities, Weirdness & Mutations

You are resistant to torment.
You are immune to poison.
Your stone body is very resilient (AC +3).
You resist negative energy.
You are resistant to electric shocks.
You can survive without breathing.
You are immune to petrification.
You are immune to rotting.


Message History

Terence the Incautious comes into view.
He is wielding a flail.
Terence asks, "Do you want it fast or slow?"
Terence zaps a wand.
The puff of flame hits you!
It is a wand of flame.
Terence zaps a wand.
The puff of flame hits you! Terence misses you.
You hit Terence.
Terence is lightly wounded.
Terence zaps a wand.
The puff of flame hits you! The fire burns you terribly!
Use which ability? (? or * to list)
Your skin crawls.
You feel resistant to hostile enchantments.
You feel slightly more hungry. Terence barely misses you.
You hit Terence.
Terence is poisoned.
Terence is lightly wounded.
Terence zaps a wand.
The puff of flame hits you! The fire burns you terribly!
You barely miss Terence.
Terence is moderately wounded.
Terence zaps a wand.
The puff of flame hits you! The fire burns you terribly!
Ouch! That really hurt!
You die...

. ... ###♣
#.. #..
#..###.#
#......#
.###......#
..........##
....###.@@.#
#..#.##
#..#..##
#..##..#
.###......#
..........#
....####..#
..# #..##
#...#


You could see Terence.

Vanquished Creatures
  Robin (D:2)
  2 giant cockroaches (D:2)
  9 goblins
  3 hobgoblins
  3 kobolds (D:1)
  6 bats
  2 giant newts (D:2)
  3 rats (D:1)
29 creatures vanquished.

Notes
Turn   | Place    | Note
--------------------------------------------------------------
     0 | D:1      | Gargoyl, the Gargoyle Berserker, began the quest for the Orb.
     0 | D:1      | Reached XP level 1. HP: 14/14 MP: 1/1
   219 | D:1      | Reached XP level 2. HP: 12/19 MP: 2/2
   912 | D:2      | Found a sparkling altar of Nemelex Xobeh.
   927 | D:2      | Noticed Robin
   940 | D:2      | Acquired Trog's second power
   940 | D:2      | HP: 1/28 [Robin/mace (3)]
   950 | D:2      | Killed Robin
   950 | D:2      | Reached XP level 3. HP: 2/24 MP: 3/3
  1174 | D:2      | Noticed Terence
  1183 | D:2      | Killed from afar by Terence

Action                   || total
-------------------------++-------
Melee: Mace              ||    24
       Dagger            ||    73
Invok: Berserk           ||     1
       Trog's Hand       ||     2
  Use: Scroll            ||     3
  Eat: Bread ration      ||     1
